 Dungeon Crawl Stone Soup version 0.28-a0-769-g550dbda0cd (webtiles) character file.

Game seed: 2175643972591358003

64 funkygono the Firebug (level 4, -7/24 HPs)
             Began as a Gargoyle Fire Elementalist on Oct 31, 2021.
             Mangled by Terence (10 damage)
             ... on level 2 of the Dungeon.
             The game lasted 00:03:51 (1829 turns).

funkygono the Firebug (Gargoyle Fire Elementalist)  Turns: 1829, Time: 00:03:52

Health: -7/24      AC:  5    Str: 11    XL:     4   Next: 12%
Magic:  0/7        EV: 12    Int: 17    God:
Gold:   38         SH:  0    Dex: 10    Spells: 2/8 levels left

rFire   . . .      SeeInvis .   d - +0 club
rCold   . . .      Faith    .   (no shield)
rNeg    + . .      Spirit   .   a - +0 robe
rPois   ∞          Reflect  .   (no helmet)
rElec   +          Harm     .   (no cloak)
rCorr   .          Rampage  .   (no gloves)
Will    .....                   (no boots)
Stlth   ++........              (no amulet)
HPRegen 0.08/turn               (no ring)
MPRegen 0.10/turn               (no ring)

@: no status effects
A: sickness immunity, AC +3, negative energy resistance 1, electricity
resistance, torment resistance 1, petrification resistance
a: no special abilities


You were on level 2 of the Dungeon.
You visited 1 branch of the dungeon, and saw 2 of its levels.

You collected 38 gold pieces.

Inventory:

Hand Weapons
 d - a +0 club (weapon)
Missiles
 e - 59 stones
Armour
 a - a +0 robe (worn)
 f - a +0 leather armour
Wands
 k - a wand of flame (18)
Scrolls
 b - a scroll of holy word {unknown}
 c - 3 scrolls of teleportation {unknown}
 i - a scroll of enchant armour {unknown}
Potions
 g - a potion of curing {unknown}
 h - a potion of attraction {unknown}
 j - 2 potions of brilliance {unknown}


   Skills:
 + Level 0.3 Maces & Flails
 + Level 1.7 Dodging
 - Level 2.1 Stealth
 * Level 2.5 Spellcasting
 * Level 1.7 Conjurations
 * Level 4.1 Fire Magic


You had 2 spell levels left.
You knew the following spells:

 Your Spells              Type           Power      Damage    Failure   Level
a - Foxfire               Conj/Fire      48%        2x1d6     5%          1
b - Scorch                Fire           32%        2d6       5%          2
c - Conjure Flame         Conj/Fire      12%        6-21      17%         3

Your spell library contained the following spells:

 Spells                   Type           Power      Damage    Failure   Level
 Inner Flame              Hex/Fire       9%         N/A       24%         3
 Flame Wave               Conj/Fire      12%        3d4       50%         4


Dungeon Overview and Level Annotations

Branches:
Dungeon (2/15)

Altars:

Annotations:
D:2 Terence


Innate Abilities, Weirdness & Mutations

You are immune to sickness and miasma.
Your stone body is resilient. (AC +3)
You are immune to poison.
You resist negative energy. (rN+)
You are resistant to electric shocks. (rElec)
You are resistant to unholy torment.
You are immune to petrification.


Message History

Terence closely misses you.
You hit Terence but do no damage.
Terence is severely wounded.
Terence closely misses you. Terence completely misses you.
Your magical contamination has completely faded away.
You hit Terence but do no damage.
Terence is severely wounded.
Terence misses you.
You hit Terence.
Terence is severely wounded.
Terence barely misses you.
You barely miss Terence.
Terence is severely wounded.
Terence hits you with a +0 morningstar!
* * * LOW HITPOINT WARNING * * *
Terence hits you but does no damage.
You completely miss Terence.
Terence is severely wounded.
Terence closely misses you.
Found a whip and 7 gold pieces.
Casting: Foxfire (safe; 5% risk of failure)
Confirm with . or Enter, or press ? or * to list all spells.
You conjure some foxfire!
Terence bares his teeth.
Terence barely misses you.
Your foxfire dissipates!
The foxfire hits Terence.
Terence is severely wounded.
Casting: Foxfire (safe; 5% risk of failure)
Confirm with . or Enter, or press ? or * to list all spells.
You conjure some foxfire!
The foxfire hits Terence.
Terence is severely wounded.
The foxfire hits Terence.
Terence is almost dead.
Found 16 arrows.
Casting: Foxfire (safe; 5% risk of failure)
Confirm with . or Enter, or press ? or * to list all spells.
You conjure some foxfire!
Terence hits you with a +0 morningstar!
You die...

.. #.# #. #.# ###(# .. ...#
.. #..# #.# .. #..# #.# ..
#vv# #.#..# ##.#. #.@#
#.#... ..... #.@# #.##.#
#.... #..# #.##.# #..#.
#..#####.##.###..#.
##########.........#......#.
#..................#.###..#.
######.####.......†)........
#.# #...##.#....##.##. #.#
#...##.###..##.##.


You could see Terence (ally target).

Vanquished Creatures
  Jessica (D:2)
  A dart slug (D:1)
  3 ball pythons
  3 endoplasms
  2 giant cockroaches
  2 hobgoblins (D:1)
  4 jackals (D:2)
  3 kobolds (D:1)
  A quokka (D:1)
  A bat (D:2)
  5 frilled lizards (D:1)
  3 goblins
  7 rats
36 creatures vanquished.

Vanquished Creatures (others)
  112 foxfires
112 creatures vanquished.

Grand Total: 148 creatures vanquished

Notes
Turn   | Place    | Note
-------+----------+-------------------------------------------
     0 | D:1      | funkygono the Gargoyle Fire Elementalist began the quest
                  | for the Orb.
     0 | D:1      | Reached XP level 1. HP: 10/10 MP: 3/3
   312 | D:1      | Reached XP level 2. HP: 15/15 MP: 1/5
   389 | D:1      | Found a faded altar of an unknown god.
  1073 | D:1      | Reached XP level 3. HP: 16/19 MP: 4/6
  1076 | D:1      | Learned a level 2 spell: Scorch
  1090 | D:1      | Learned a level 3 spell: Conjure Flame
  1689 | D:2      | Noticed Jessica
  1697 | D:2      | Killed Jessica
  1698 | D:2      | Reached skill level 4 in Fire Magic
  1698 | D:2      | Reached XP level 4. HP: 24/24 MP: 0/7
  1790 | D:2      | Noticed Terence
  1829 | D:2      | Mangled by Terence

Illustrated notes

Levels and vault maps discovered:
D:1:      dpeg_arrival_rooms_c, layout_basic, hellmonk_ecumenical_altar_blasted,
          lemuel_old_faithful
D:2:      layout_basic, uniq_terence, uniq_jessica, uniq_crazy_yiuf_cottage

Skill      XL: |  1  2  3 |
---------------+----------+-----
Fire Magic     | 4 |  4.1
Maces & Flails | |  0.3
Dodging        | |  1.7
Stealth        | |  2.1
Spellcasting   | |  2.5
Conjurations   | |  1.7

Action                   |  1- 3 |  4- 6 || total
-------------------------+-------+-------++-------
Melee: Unarmed           |    11 |       ||    11
       Club              |    19 |     8 ||    27
 Cast: Foxfire           |    59 |    10 ||    69
       Scorch            |     4 |       ||     4
Armor: Robe              |     8 |     1 ||     9
Dodge: Dodged            |    28 |    11 ||    39

Table legend: (Time is in decaauts)
 A = Elapsed time spent in this place.
 B = Non-inter-level travel time spent in this place.
 C = Inter-level travel time spent in this place.
 D = Time resting spent in this place.
 E = Time spent auto-exploring this place.
 F = Levels seen in this place.
 G = Mean time per level.
                   A        B        C        D        E       F      G
               +--------+--------+--------+--------+--------+-----+--------+
         Total |   1836 |   1795 |     41 |     74 |   1365 |   2 |  918.0 |
       Dungeon |   1836 |   1795 |     41 |     74 |   1365 |   2 |  918.0 |
               +--------+--------+--------+--------+--------+-----+--------+

Top non-repeatable levels by time:
     D:1: 1345 daAuts
     D:2: 491 daAuts
